 Dungeon Crawl Stone Soup version 0.31.0-9-g3a7656b989 (webtiles) character file.

Game seed: 1627149847704334440

31621 qw the Marksspriggan (level 13, -10/65 HPs)
             Began as a Spriggan Hunter on Feb 2, 2024.
             Was a High Priest of Okawaru.
             Mangled by a death yak (20 damage)
             ... on level 5 of the Lair of Beasts.
             The game lasted 00:01:12 (11389 turns).

qw the Marksspriggan (Spriggan Hunter)             Turns: 11389, Time: 00:01:12

Health: -10/65     AC:  7    Str:  7    XL:     13   Next: 27%
Magic:  16/21      EV: 30    Int: 11    God:    Okawaru [*****.]
Gold:   723        SH:  0    Dex: 23    Spells: 12/12 levels left

rFire   . . .        b - +5 arbalest (freeze)
rCold   . . .        (shield currently unavailable)
rNeg    . . .        m - +0 troll leather armour
rPois   +            (helmet restricted)
rElec   .            d - scarf {repulsion}
rCorr   .            (gloves unavailable)
SInv    +            (boots unavailable)
Will    ++...        h - amulet of regeneration
Stlth   ++           k - ring of poison resistance
HPRegen 1.90/turn    o - +4 ring of protection
MPRegen 0.17/turn

%: repel missiles
@: finesse-ful, very quick
A: very small, no large weapons, unfitting armour, see invisible, speed 3
a: Renounce Religion, Heroism, Finesse, Duel


You were on level 5 of the Lair of Beasts.
You worshipped Okawaru.
Okawaru was extremely pleased with you.
You visited 3 branches of the dungeon, and saw 15 of its levels.

You collected 840 gold pieces.
You spent 117 gold pieces at shops.


Innate Abilities, Weirdness & Mutations

You are very small and have problems with some larger weapons.
You are too small for most types of armour.
You have supernaturally acute eyesight. (SInv)
You cover ground extremely quickly. (Speed+++)


   Skills:
 - Level 6.0 Fighting
 + Level 15.9 Ranged Weapons
 - Level 1.3 Armour
 - Level 15.0 Dodging
 - Level 1.5 Stealth
 - Level 10.0 Invocations


You had 12 spell levels left.
You didn't know any spells.
Your spell library was empty.

Inventory:

Hand Weapons
 b - a +5 arbalest of freezing (weapon)
Armour
 d - a scarf of repulsion (worn)
 f - a +1 cloak
 m - a +0 troll leather armour (worn)
Jewellery
 h - an amulet of regeneration (around neck)
 k - a ring of poison resistance (left hand)
 o - a +4 ring of protection (right hand)
 t - a ring of willpower
 v - a ring of protection from cold
Wands
 e - a wand of polymorph (12)
 l - a wand of light (5)
 s - a wand of paralysis (13)
Scrolls
 c - 2 scrolls of teleportation
 g - 6 scrolls of identify
Potions
 a - 7 potions of curing
 i - a potion of resistance
 j - a potion of magic
 n - 2 potions of might
 p - 2 potions of mutation
 q - 2 potions of haste
 r - 2 potions of cancellation

Dungeon Overview and Level Annotations

Branches:
Dungeon (9/15)             Temple (1/1) D:5            Lair (5/5) D:9
  Swamp (0/4) Lair:3        Snake (0/4) Lair:2        Slime (0/5) Lair:5
    Orc: D:9-12

Altars:
Ashenzari
Cheibriados
Dithmenos
Elyvilon
Fedhas
Gozag
Kikubaaqudgha
Makhleb
Nemelex Xobeh
Okawaru
Qazlal
Sif Muna
Trog
Uskayaw
Vehumet
Wu Jian
Xom
Yredelemnul
Zin
Jiyva

Shops:
D:3 *

Portals:
Ice
Cave: Lair:4

Annotations:
Lair:5 1 runed translucent door


Message History

Enter note:
11375 ||| RETREEEEATING.
You see here a rime drake corpse.
Enter note:
11376 ||| RETREEEEATING.
Enter note:
11377 ||| RETREEEEATING.
11378 ||| RETREEEEATING.
You shoot a bolt. The bolt hits the death yak.
The bolt freezes the death yak.
The death yak is moderately wounded.
You shoot a bolt. The bolt hits the death yak!!
The bolt freezes the death yak!
The death yak is severely wounded.
You shoot a bolt.
The bolt hits the death yak but does no damage.
You shoot a bolt. The bolt hits the death yak!
The bolt freezes the death yak.
The death yak is lightly wounded.
The death yak gores you!!
You shoot a bolt. The bolt hits the death yak.
The bolt freezes the death yak.
The death yak is moderately wounded.
The death yak completely misses you. The death yak misses you.
11384 ||| INVOKING Finesse.
You can now deal lightning-fast blows.
The death yak misses you. The death yak gores you!!
You shoot a bolt. The bolt hits the death yak!
The bolt freezes the death yak.
The death yak is heavily wounded.
The death yak barely misses you. The death yak closely misses you.
You shoot a bolt. The bolt hits the death yak.
The bolt freezes the death yak.
The death yak is heavily wounded.
You shoot a bolt. The bolt hits the death yak!
The bolt freezes the death yak.
The death yak is severely wounded.
The death yak gores you. The death yak completely misses you.
The death yak closely misses you.
You shoot a bolt. The bolt hits the death yak!!
The bolt freezes the death yak!
You kill the death yak!
Okawaru accepts your kill.
11389 ||| RETREEEEATING.
You shoot a bolt. The bolt hits the death yak.
The bolt freezes the death yak.
The death yak is lightly wounded.
The death yak gores you!! x2
You die...

...##### 77..#.>.# ....
7...#J..#......
7<..#JJ.#.......
77..##+##....Y..
77%.....Y.......
77..............$
77YY..............
77777#777@77...Y....%.....
7#7P#......YY...............
...........Y..........%....P
......%.................(..#
............................
............................
............................
....[.......................
.........................#..


You could see 5 death yaks and a slime creature.

Vanquished Creatures
  Kirke (Lair:3)
  An alligator (Lair:3)
  4 hydras
  A two-headed ogre (D:9)
  7 death yaks
  A manticore (D:8)
  A salamander (Lair:2)
  A black mamba (Lair:2)
  11 cane toads
  4 komodo dragons
  3 rime drakes
  2 ice devils (Lair:4)
  2 burning bushes (Lair:2)
  A troll (D:9)
  A polar bear (Lair:2)
  A hornet (D:8)
  5 dream sheep (Lair:3)
  12 blink frogs
  3 wyverns
  Sigmund (D:6)
  22 yaks
  6 basilisks
  2 wraiths
  2 humans (Lair:3)
  A fire bat (D:6)
  2 steam dragons
  2 hogs (Lair:3)
  3 nagas (Lair:2)
  15 water moccasins
  4 black bears
  An orc warrior (D:9)
  3 ogres
  4 ice beasts
  5 centaurs
  7 phantoms
  A kobold brigand (D:9)
  8 bullfrogs
  7 scorpions
  12 wights
  2 electric eels (Lair:2)
  A centaur zombie (D:8)
  A jelly (D:5)
  3 bombardier beetles
  2 orc priests
  A gnoll bouda (D:7)
  3 hounds
  8 sleepcaps
  Jessica (D:1)
  6 scorpion zombies (D:8)
  2 orc wizards
  5 iguanas
  4 killer bee zombies (D:8)
  9 adders
  5 gnolls (D:7)
  8 shadow imps
  2 white imps
  4 ufetubi
  7 dart slugs
  A ribbon worm (D:2)
  21 orcs
  5 endoplasms
  2 giant cockroaches
  4 goblins
  4 hobgoblins
  14 kobolds
  A quokka (D:4)
  12 ball pythons
  3 bats
  6 frilled lizards
  7 rats
324 creatures vanquished.

Notes
Turn   | Place    | Note
-------+----------+-------------------------------------------
     0 | D:1      | qw the Spriggan Hunter began the quest for the Orb.
     0 | D:1      | Reached XP level 1. HP: 10/10 MP: 2/2
     0 | D:1      | 0 ||| qw: Version: 0.3-a-155-g5e7d8dd
     0 | D:1      | 0 ||| qw: Game counter: 2344
     0 | D:1      | 0 ||| qw: Melee chars always use a shield: true
     0 | D:1      | 0 ||| qw: God list: Okawaru
     0 | D:1      | 0 ||| qw: Allow faded altars: false
     0 | D:1      | 0 ||| qw: Do Orc after clearing Dungeon:15 true
     0 | D:1      | 0 ||| qw: Do second Lair branch before Depths: true
     0 | D:1      | 0 ||| qw: Lair rune preference: random
     0 | D:1      | 0 ||| qw: Goals: Normal
     0 | D:1      | 0 ||| PLANNING D:1-11
    34 | D:1      | Reached skill level 3 in Dodging
    95 | D:1      | Reached XP level 2. HP: 14/14 MP: 3/3
   930 | D:1      | 930 ||| UPGRADING to +0 cloak.
   935 | D:1      | 935 ||| UPGRADING to amulet of regeneration.
   940 | D:1      | 940 ||| READING 2 scrolls labelled GEGIDY VOIFAI.
   940 | D:1      | 940 ||| ENCHANTING +0 shortbow.
   941 | D:1      | 941 ||| READING scroll of enchant weapon.
   941 | D:1      | 941 ||| ENCHANTING +1 shortbow.
   942 | D:1      | 942 ||| READING scroll labelled XACKAI SOMN.
   942 | D:1      | 942 ||| ENCHANTING +0 cloak.
   943 | D:1      | 943 ||| READING scroll labelled UFANAMYKKI.
   947 | D:1      | 947 ||| DROPPING scroll of butterflies.
   965 | D:2      | Noticed Jessica
   966 | D:2      | 966 ||| STAIRDANCE
   974 | D:1      | Killed Jessica
   975 | D:1      | Reached XP level 3. HP: 18/18 MP: 4/4
  1107 | D:2      | Reached XP level 4. HP: 22/22 MP: 5/5
  1197 | D:2      | 1197 ||| READING scroll of enchant weapon.
  1197 | D:2      | 1197 ||| ENCHANTING +2 shortbow.
  1277 | D:2      | 1277 ||| UPGRADING to scarf of repulsion.
  1287 | D:2      | 1287 ||| UPGRADING to ring of poison resistance.
  1288 | D:2      | 1288 ||| READING scroll labelled JESOMN YPPUANG.
  1288 | D:2      | 1288 ||| IDENTIFYING fuming brown potion
  1289 | D:2      | 1289 ||| READING scroll labelled JER FALEHOY.
  1290 | D:2      | 1290 ||| READING scroll labelled UKKEJA TAHILUJ.
  1290 | D:2      | Identified a scroll of acquirement
  1290 | D:2      | 1290 ||| ACQUIRING +2 arbalest of freezing
  1290 | D:2      | Acquired a +2 arbalest of freezing
  1292 | D:2      | 1292 ||| SWAPPING to +2 arbalest of freezing.
  1293 | D:2      | 1293 ||| DROPPING +3 shortbow.
  1597 | D:3      | Found Vefeto Otwe's Assorted Antiques.
  1611 | D:3      | 1611 ||| BUYING 2 fuming black potions (45 gold).
  1611 | D:3      | Bought 2 fuming black potions for 45 gold pieces
  1611 | D:3      | 1611 ||| BUYING fizzy emerald potion (22 gold).
  1611 | D:3      | Bought a fizzy emerald potion for 22 gold pieces
  1611 | D:3      | 1611 ||| SHOPLISTING scroll of enchant armour (187 gold,
                  | have 79).
  1611 | D:3      | 1611 ||| SHOPLISTING scroll of enchant weapon (187 gold,
                  | have 79).
  1611 | D:3      | 1611 ||| BUYING scroll of identify (50 gold).
  1611 | D:3      | Bought a scroll of identify for 50 gold pieces
  1627 | D:3      | Noticed an ogre
  1629 | D:3      | Killed an ogre
  1630 | D:3      | Reached skill level 3 in Fighting
  1630 | D:3      | Reached XP level 5. HP: 28/28 MP: 6/6
  1745 | D:3      | 1745 ||| READING 2 scrolls of identify.
  1745 | D:3      | 1745 ||| IDENTIFYING black potion
  1746 | D:3      | 1746 ||| READING scroll of identify.
  1746 | D:3      | 1746 ||| IDENTIFYING fizzy emerald potion
  1747 | D:3      | 1747 ||| READING scroll labelled QOPRUA SIOLUDI.
  1748 | D:3      | 1748 ||| DRINKING 2 emerald potions.
  1749 | D:3      | 1749 ||| DRINKING 2 fuming black potions.
  1750 | D:3      | 1750 ||| FLEEEEING.
  1751 | D:3      | 1751 ||| FLEEEEING.
  1752 | D:3      | 1752 ||| FLEEEEING.
  1753 | D:3      | 1753 ||| FLEEEEING.
  1754 | D:3      | 1754 ||| FLEEEEING.
  1755 | D:3      | 1755 ||| FLEEEEING.
  1756 | D:3      | 1756 ||| FLEEEEING.
  1757 | D:3      | 1757 ||| FLEEEEING.
  1758 | D:3      | 1758 ||| FLEEEEING.
  1759 | D:3      | 1759 ||| FLEEEEING.
  1760 | D:3      | 1760 ||| FLEEEEING.
  1761 | D:3      | 1761 ||| FLEEEEING.
  1762 | D:3      | 1762 ||| FLEEEEING.
  1763 | D:3      | 1763 ||| FLEEEEING.
  1764 | D:3      | 1764 ||| FLEEEEING.
  1765 | D:3      | 1765 ||| STAIRDANCE
  1767 | D:2      | 1767 ||| FLEEEEING.
  1768 | D:2      | 1768 ||| FLEEEEING.
  1769 | D:2      | 1769 ||| FLEEEEING.
  1770 | D:2      | 1770 ||| FLEEEEING.
  1771 | D:2      | 1771 ||| FLEEEEING.
  1772 | D:2      | 1772 ||| FLEEEEING.
  1773 | D:2      | 1773 ||| FLEEEEING.
  1774 | D:2      | 1774 ||| FLEEEEING.
  1775 | D:2      | 1775 ||| FLEEEEING.
  1776 | D:2      | 1776 ||| FLEEEEING.
  1777 | D:2      | 1777 ||| FLEEEEING.
  1778 | D:2      | 1778 ||| FLEEEEING.
  1779 | D:2      | 1779 ||| FLEEEEING.
  1780 | D:2      | 1780 ||| FLEEEEING.
  1781 | D:2      | 1781 ||| FLEEEEING.
  1782 | D:2      | 1782 ||| FLEEEEING.
  1783 | D:2      | 1783 ||| FLEEEEING.
  1784 | D:2      | 1784 ||| FLEEEEING.
  1785 | D:2      | 1785 ||| STAIRDANCE
  1887 | D:1      | 1887 ||| DROPPING potion of berserk rage.
  1888 | D:1      | 1888 ||| DROPPING potion of degeneration.
  1942 | D:4      | Noticed an ogre
  1949 | D:4      | Killed an ogre
  1950 | D:4      | Reached skill level 6 in Ranged Weapons
  1950 | D:4      | Reached XP level 6. HP: 32/32 MP: 7/7
  1964 | D:4      | Found a radiant altar of Vehumet.
  2105 | D:4      | Reached skill level 6 in Dodging
  2106 | D:4      | Found a broken altar of Ashenzari.
  2297 | D:4      | Found a hide-covered altar of Uskayaw.
  2630 | D:4      | 2630 ||| UPGRADING to +4 ring of protection.
  2631 | D:4      | 2631 ||| READING 3 scrolls of identify.
  2631 | D:4      | 2631 ||| IDENTIFYING scroll labelled MAUROINAHI
  2632 | D:4      | 2632 ||| DROPPING scroll of fog.
  2688 | D:5      | Entered Level 5 of the Dungeon
  2774 | D:5      | Reached XP level 7. HP: 36/36 MP: 8/8
  2799 | D:5      | Found a staircase to the Ecumenical Temple.
  2800 | D:5      | 2800 ||| PLANNING TEMPLE
  2800 | D:5      | 2800 ||| READING 2 scrolls of identify.
  2800 | D:5      | 2800 ||| IDENTIFYING lumpy white potion
  2801 | D:5      | 2801 ||| DROPPING potion of ambrosia.
  2806 | Temple   | Entered the Ecumenical Temple
  2807 | Temple   | 2807 ||| PLANNING OKAWARU WORSHIP
  2836 | Temple   | Became a worshipper of Warmaster Okawaru
  2837 | Temple   | 2837 ||| PLANNING D:1-11
  3269 | D:5      | Found a bloodstained altar of Trog.
  3536 | D:5      | 3536 ||| READING scroll of identify.
  3536 | D:5      | 3536 ||| IDENTIFYING bubbling golden potion
  3596 | D:6      | HP: 8/36 [ice beast (14)]
  3597 | D:6      | 3597 ||| READING scroll of teleportation.
  3598 | D:6      | Reached * piety under Okawaru
  3599 | D:6      | Reached XP level 8. HP: 12/40 MP: 9/9
  3600 | D:6      | Found a shimmering altar of Xom.
  3602 | D:6      | HP: 5/40 [fire bat (6)]
  3907 | D:6      | Found a blossoming altar of Fedhas.
  4103 | D:6      | Noticed Sigmund
  4104 | D:6      | 4104 ||| INVOKING Heroism.
  4106 | D:6      | Killed Sigmund
  4107 | D:6      | Reached skill level 3 in Invocations
  4156 | D:6      | 4156 ||| Stepping ~*~*~tactically~*~*~ (cloud).
  4243 | D:6      | 4243 ||| INVOKING Heroism.
  4284 | D:6      | You fall into a shaft and drop 2 floors!
  4316 | D:8      | 4316 ||| READING scroll labelled HYITUJEELA.
  4417 | D:8      | 4417 ||| DRINKING 2 yellow potions.
  4424 | D:8      | 4424 ||| FLEEEEING.
  4425 | D:8      | 4425 ||| STAIRDANCE
  4444 | D:7      | Reached skill level 9 in Ranged Weapons
  4446 | D:7      | Reached ** piety under Okawaru
  4488 | D:7      | Reached skill level 9 in Dodging
  4488 | D:7      | Reached XP level 9. HP: 44/44 MP: 13/13
  4574 | D:7      | 4574 ||| UPGRADING to +0 steam dragon scales.
  4584 | D:7      | 4584 ||| DROPPING +0 robe.
  4585 | D:7      | 4585 ||| READING scroll of enchant armour.
  4585 | D:7      | 4585 ||| ENCHANTING +0 steam dragon scales.
  5456 | D:7      | Reached *** piety under Okawaru
  5466 | D:7      | Reached skill level 1 in Armour
  5516 | D:7      | Reached **** piety under Okawaru
  5684 | D:7      | 5684 ||| READING scroll labelled IFFIUD JIAPO.
  5685 | D:7      | 5685 ||| DRINKING 2 glowing cyan potions.
  5963 | D:8      | 5963 ||| INVOKING Finesse.
  5964 | D:8      | 5964 ||| INVOKING Finesse.
  5965 | D:8      | 5965 ||| INVOKING Heroism.
  6181 | D:8      | Noticed a manticore
  6182 | D:8      | 6182 ||| INVOKING Heroism.
  6190 | D:8      | Killed a manticore
  6191 | D:8      | Reached XP level 10. HP: 49/49 MP: 12/14
  6212 | D:8      | 6212 ||| INVOKING Finesse.
  6304 | D:8      | 6304 ||| READING scroll of enchant weapon.
  6304 | D:8      | 6304 ||| ENCHANTING +2 arbalest of freezing.
  6520 | D:8      | Identified the +0 robe of the Cockroach {Str+2 Int+4}
  6535 | D:8      | Reached skill level 12 in Dodging
  6554 | D:8      | 6554 ||| READING scroll of enchant weapon.
  6554 | D:8      | 6554 ||| ENCHANTING +3 arbalest of freezing.
  6559 | D:8      | Identified the staff of Ragnarok {*Corrode rC+ Dex+3 Ice}
  6707 | D:8      | Reached skill level 6 in Invocations
  7038 | D:8      | 7038 ||| DROPPING +0 robe of the Cockroach {Str+2 Int+4}.
  7039 | D:8      | 7039 ||| READING scroll labelled CAULID IXIWOEFU.
  7040 | D:8      | 7040 ||| READING scroll labelled LYXIMUITSASA.
  7041 | D:8      | 7041 ||| READING scroll labelled JURGHY LYUGROI.
  7042 | D:8      | 7042 ||| DRINKING 2 coppery potions.
  7043 | D:8      | 7043 ||| DROPPING potion of attraction.
  7180 | D:9      | Found a basalt altar of Yredelemnul.
  7181 | D:9      | Found a burning altar of Makhleb.
  7203 | D:9      | Found an ornate altar of the Wu Jian Council.
  7205 | D:9      | Reached ***** piety under Okawaru
  7359 | D:9      | Found a staircase to the Lair.
  7551 | D:9      | Found a snail-covered altar of Cheibriados.
  7581 | D:9      | Noticed a two-headed ogre
  7582 | D:9      | 7582 ||| INVOKING Finesse.
  7585 | D:9      | Killed a two-headed ogre
  7586 | D:9      | Reached XP level 11. HP: 53/53 MP: 11/17
  7930 | D:9      | 7930 ||| PLANNING LAIR
  7930 | D:9      | 7930 ||| UPGRADING to +0 troll leather armour.
  7940 | D:9      | 7940 ||| DROPPING +1 steam dragon scales.
  7941 | D:9      | 7941 ||| READING 3 scrolls of identify.
  7941 | D:9      | 7941 ||| IDENTIFYING sedimented amethyst potion
  7995 | Lair:1   | Entered Level 1 of the Lair of Beasts
  8023 | Lair:1   | Reached skill level 12 in Ranged Weapons
  8040 | Lair:1   | 8040 ||| RETREEEEATING.
  8230 | Lair:1   | 8230 ||| READING scroll of enchant weapon.
  8230 | Lair:1   | 8230 ||| ENCHANTING +4 arbalest of freezing.
  8309 | Lair:1   | 8309 ||| RETREEEEATING.
  8310 | Lair:1   | 8310 ||| RETREEEEATING.
  8311 | Lair:1   | 8311 ||| RETREEEEATING.
  8312 | Lair:1   | 8312 ||| RETREEEEATING.
  8313 | Lair:1   | 8313 ||| RETREEEEATING.
  8316 | Lair:1   | 8316 ||| RETREEEEATING.
  8317 | Lair:1   | 8317 ||| RETREEEEATING.
  8318 | Lair:1   | 8318 ||| RETREEEEATING.
  8370 | Lair:1   | 8370 ||| RETREEEEATING.
  8375 | Lair:1   | Received a gift from Okawaru
  8598 | Lair:1   | 8598 ||| READING 2 scrolls of identify.
  8598 | Lair:1   | 8598 ||| IDENTIFYING ruby potion
  8599 | Lair:1   | 8599 ||| READING scroll of identify.
  8599 | Lair:1   | 8599 ||| IDENTIFYING scroll labelled CIYDUTHR GEUBBE
  8600 | Lair:1   | 8600 ||| DROPPING scroll of blinking.
  8601 | Lair:1   | 8601 ||| DROPPING potion of lignification.
  8630 | Lair:2   | 8630 ||| RETREEEEATING.
  8646 | Lair:2   | Reached skill level 9 in Invocations
  8783 | Lair:2   | Found a staircase to the Snake Pit.
  9016 | Lair:2   | 9016 ||| RETREEEEATING.
  9019 | Lair:2   | 9019 ||| RETREEEEATING.
  9020 | Lair:2   | 9020 ||| RETREEEEATING.
  9022 | Lair:2   | 9022 ||| RETREEEEATING.
  9026 | Lair:2   | 9026 ||| RETREEEEATING.
  9027 | Lair:2   | 9027 ||| RETREEEEATING.
  9029 | Lair:2   | 9029 ||| RETREEEEATING.
  9030 | Lair:2   | 9030 ||| RETREEEEATING.
  9032 | Lair:2   | 9032 ||| RETREEEEATING.
  9044 | Lair:2   | Received a gift from Okawaru
  9087 | Lair:2   | 9087 ||| RETREEEEATING.
  9088 | Lair:2   | 9088 ||| RETREEEEATING.
  9089 | Lair:2   | 9089 ||| RETREEEEATING.
  9096 | Lair:2   | 9096 ||| INVOKING Finesse.
  9096 | Lair:2   | HP: 13/55 [polar bear (5)]
  9097 | Lair:2   | 9097 ||| READING scroll of teleportation.
  9098 | Lair:2   | 9098 ||| DRINKING potion of heal wounds.
  9218 | Lair:2   | Reached XP level 12. HP: 34/60 MP: 20/20
  9489 | Lair:3   | Received a gift from Okawaru
  9576 | Lair:3   | Noticed Kirke
  9577 | Lair:3   | 9577 ||| RETREEEEATING.
  9582 | Lair:3   | 9582 ||| RETREEEEATING.
  9583 | Lair:3   | 9583 ||| RETREEEEATING.
  9584 | Lair:3   | 9584 ||| RETREEEEATING.
  9585 | Lair:3   | 9585 ||| RETREEEEATING.
  9586 | Lair:3   | 9586 ||| RETREEEEATING.
  9587 | Lair:3   | 9587 ||| ZAPPING wand of light (9) at 5,3 (Kirke; floor).
  9588 | Lair:3   | 9588 ||| ZAPPING wand of light (8) at 4,3 (Kirke; floor).
  9589 | Lair:3   | 9589 ||| ZAPPING wand of light (7) at 4,3 (Kirke; floor).
  9590 | Lair:3   | 9590 ||| ZAPPING wand of light (6) at 3,2 (Kirke; floor).
  9591 | Lair:3   | 9591 ||| INVOKING Finesse.
  9600 | Lair:3   | Killed Kirke
  9831 | Lair:3   | 9831 ||| RETREEEEATING.
  9835 | Lair:3   | Reached skill level 6 in Fighting
  9954 | Lair:3   | 9954 ||| RETREEEEATING.
  9956 | Lair:3   | 9956 ||| RETREEEEATING.
  9957 | Lair:3   | 9957 ||| RETREEEEATING.
  9958 | Lair:3   | 9958 ||| RETREEEEATING.
  9960 | Lair:3   | 9960 ||| INVOKING Finesse.
 10032 | Lair:3   | Noticed an alligator
 10033 | Lair:3   | 10033 ||| INVOKING Finesse.
 10044 | Lair:3   | Killed an alligator
 10044 | Lair:3   | Received a gift from Okawaru
 10142 | Lair:3   | Found a staircase to the Swamp.
 10751 | Lair:4   | Noticed a four-headed hydra
 10752 | Lair:4   | 10752 ||| INVOKING Finesse.
 10756 | Lair:4   | Killed a four-headed hydra
 10757 | Lair:4   | Reached skill level 15 in Ranged Weapons
 10816 | Lair:4   | Noticed a death yak
 10816 | Lair:4   | Noticed a death yak
 10816 | Lair:4   | Noticed a death yak
 10817 | Lair:4   | 10817 ||| INVOKING Finesse.
 10820 | Lair:4   | Noticed a death yak
 10820 | Lair:4   | Noticed a death yak
 10820 | Lair:4   | Noticed a four-headed hydra
 10821 | Lair:4   | 10821 ||| RETREEEEATING.
 10823 | Lair:4   | 10823 ||| RETREEEEATING.
 10824 | Lair:4   | 10824 ||| RETREEEEATING.
 10825 | Lair:4   | 10825 ||| RETREEEEATING.
 10826 | Lair:4   | 10826 ||| RETREEEEATING.
 10828 | Lair:4   | 10828 ||| RETREEEEATING.
 10829 | Lair:4   | 10829 ||| RETREEEEATING.
 10831 | Lair:4   | 10831 ||| RETREEEEATING.
 10833 | Lair:4   | 10833 ||| RETREEEEATING.
 10837 | Lair:4   | Killed a death yak
 10843 | Lair:4   | Noticed a death yak
 10844 | Lair:4   | Killed a death yak
 10850 | Lair:4   | Killed a four-headed hydra
 10850 | Lair:4   | Received a gift from Okawaru
 10856 | Lair:4   | Killed a death yak
 10857 | Lair:4   | Reached XP level 13. HP: 54/65 MP: 19/21
 10860 | Lair:4   | Reached skill level 15 in Dodging
 11144 | Lair:4   | Found a frozen archway.
 11262 | Lair:4   | 11262 ||| READING 7 scrolls of identify.
 11262 | Lair:4   | 11262 ||| IDENTIFYING fuming green potion
 11311 | Lair:5   | Entered Level 5 of the Lair of Beasts
 11321 | Lair:5   | Found a runed translucent door.
 11321 | Lair:5   | Found a viscous altar of Jiyva.
 11321 | Lair:5   | Noticed an acid blob
 11365 | Lair:5   | 11365 ||| RETREEEEATING.
 11366 | Lair:5   | 11366 ||| RETREEEEATING.
 11367 | Lair:5   | 11367 ||| RETREEEEATING.
 11368 | Lair:5   | 11368 ||| RETREEEEATING.
 11369 | Lair:5   | 11369 ||| RETREEEEATING.
 11370 | Lair:5   | 11370 ||| RETREEEEATING.
 11371 | Lair:5   | 11371 ||| RETREEEEATING.
 11371 | Lair:5   | Found a staircase to the Slime Pits.
 11371 | Lair:5   | Noticed an acid blob
 11372 | Lair:5   | 11372 ||| RETREEEEATING.
 11373 | Lair:5   | 11373 ||| RETREEEEATING.
 11374 | Lair:5   | 11374 ||| RETREEEEATING.
 11375 | Lair:5   | 11375 ||| RETREEEEATING.
 11376 | Lair:5   | 11376 ||| RETREEEEATING.
 11377 | Lair:5   | 11377 ||| RETREEEEATING.
 11378 | Lair:5   | 11378 ||| RETREEEEATING.
 11384 | Lair:5   | 11384 ||| INVOKING Finesse.
 11389 | Lair:5   | 11389 ||| RETREEEEATING.
 11389 | Lair:5   | HP: 10/65 [death yak (18)]
 11389 | Lair:5   | Mangled by a death yak

Levels and vault maps discovered:
D:1:      lightli_arrival_quake, layout_basic
D:2:      layout_basic, kennysheep_generic_room_10, uniq_jessica
D:3:      layout_rooms, serial_shops, shop, st_stairs_7
D:4:      layout_cave_pods, nicolae_uskayaw_suspiria, vehumet_crystals,
          cheibrodos_ashenzari_chains, kennysheep_another_room
D:5:      layout_basic, mainiacjoe_overflow_concentric_impassable,
          temple_statues
D:6:      layout_basic, fedhas_altar_4, regret_index_xom_of_box, uniq_sigmund
D:7:      layout_basic
D:8:      bobbens_index_wilting_gardens, layout_basic
D:9:      layout_basic, kennysheep_slug_shrine, grunt_temple_overflow_open,
          dpeg_oklobed_lair, nicolae_concentric_dashed_squares_mild,
          chequers_mini_garden, nicolae_zen_rock_garden, minmay_misc_feat_room
Temple:   kb_temple_of_zot
Lair:1:   layout_loops_ring
Lair:2:   beargit_carnivore_pack, layout_long_grid, alex1729_snake_entry_snake,
          pdpol_lair_neglected_garden, evilmike_ambush
          [evilmike_ambush_outer_pillars, evilmike_ambush_inner_basic],
          infiniplex_staircase_pool, serial_bayou_shore_a
Lair:3:   layout_loops_ring, mainiacjoe_swamp_entry_lozenge_pond,
          grunt_megastairs_2, uniq_kirke
Lair:4:   layout_cave_pods, portal_ice_cave_demonic_guard
Lair:5:   hellmonk_lair_end_abyssal_woods, layout_cave_shapes, slime_entry_2,
          nicolae_quartered_pool_little, pdpol_lair_cabin_in_the_woods

Skill      XL: |  1  2  3  4  5  6  7  8  9 10 11 12 13 |
---------------+----------------------------------------+-----
Dodging        | 3 4 5 6 7 9 11 12 13 14 15 | 15.0
Ranged Weapons | 5 6 8 9 10 11 13 15 | 15.9
Fighting       | 3 4 5 6 |  6.0
Invocations    | 4 7 10 | 10.0
Armour         | 1 |  1.3
Stealth        | |  1.5

Action                     |  1- 3 |  4- 6 |  7- 9 | 10-12 | 13-15 || total
---------------------------+-------+-------+-------+-------+-------++-------
   Fire: Shortbow          |    89 |    25 |       |       |       ||   114
         Arbalest          |       |    74 |   214 |   541 |    60 ||   889
 Invoke: Heroism           |       |       |     4 |       |       ||     4
         Finesse           |       |       |     1 |     8 |     1 ||    10
  Evoke: Wand              |       |       |       |     4 |       ||     4
    Use: Scroll            |     4 |     8 |     6 |    10 |     1 ||    29
         Potion            |       |     2 |     2 |     2 |       ||     6
 Armour: Robe              |    13 |    11 |    37 |       |       ||    61
         Steam dragon scal |       |       |    10 |    27 |       ||    37
         Troll leather arm |       |       |       |    41 |     7 ||    48
  Dodge: Dodged            |    56 |    39 |   136 |   269 |    26 ||   526
         Repelled          |       |       |     1 |     3 |     2 ||     6

Table legend:
 A = Non-vault XP
 B = Vault XP
 C = Vault XP percentage of total XP
 D = Non-vault monster count
 E = Vault monster count
 F = Vault count percentage of total count
                 A         B        C        D         E       F
            +---------+---------+-------+---------+---------+-------
      Total |   34847 |   10326 |  22.9 |     254 |      68 |  21.1
            +---------+---------+-------+---------+---------+-------
        D:1 |      37 |      37 |  50.0 |      22 |       1 |   4.3
        D:2 |      47 |       0 |   0.0 |      15 |       0 |   0.0
        D:3 |     165 |       3 |   1.8 |      17 |       2 |  10.5
        D:4 |     387 |       0 |   0.0 |      17 |       0 |   0.0
        D:5 |     738 |       0 |   0.0 |      21 |       0 |   0.0
        D:6 |     996 |     490 |  33.0 |      16 |       3 |  15.8
        D:7 |    1779 |       0 |   0.0 |      24 |       0 |   0.0
        D:8 |    1267 |    2588 |  67.1 |       8 |      41 |  83.7
        D:9 |    2504 |       4 |   0.2 |      26 |       1 |   3.7
     Lair:1 |    3426 |       0 |   0.0 |      16 |       0 |   0.0
     Lair:2 |    5280 |    3159 |  37.4 |      24 |      11 |  31.4
     Lair:3 |    7032 |    3357 |  32.3 |      29 |       7 |  19.4
     Lair:4 |    7846 |     688 |   8.1 |      14 |       2 |  12.5
     Lair:5 |    3343 |       0 |   0.0 |       5 |       0 |   0.0
            +---------+---------+-------+---------+---------+-------
